 Dungeon Crawl Stone Soup version 0.23.2-33-g5129a83184 (webtiles) character file.

Game seed: 7191930149565258093

51 Folque the Conjurer (level 3, -11/28 HPs)
             Began as a Demigod Conjurer on July 28, 2019.
             Blown up by Ijyb (22 damage)
             ... with a wand of disintegration (6)
             ... on level 3 of the Dungeon.
             The game lasted 00:04:03 (2089 turns).

Folque the Conjurer (Demigod Conjurer)              Turns: 2089, Time: 00:04:04

Health: -11/28     AC:  2    Str: 11    XL:     3   Next: 38%
Magic:  2/9        EV: 12    Int: 21    God:
Gold:   107        SH:  0    Dex: 16    Spells: 1/7 levels left

rFire    . . .     SeeInvis .   e - +3 dagger
rCold    . . .     Gourm    .   (no shield)
rNeg     . . .     Faith    .   a - +0 robe
rPois    .         Spirit   .   (no helmet)
rElec    .         Reflect  .   (no cloak)
rCorr    .         Harm     .   (no gloves)
MR       .....                  (no boots)
Stlth    ++........             (no amulet)
HPRegen  0.09/turn              (no ring)
MPRegen  0.11/turn              (no ring)

@: very slightly contaminated
A: high mp 1
a: no special abilities


You were on level 3 of the Dungeon.
You were not hungry.

You visited 1 branch of the dungeon, and saw 3 of its levels.

You collected 107 gold pieces.

Inventory:

Hand Weapons
 e - a +3 dagger (weapon)
Missiles
 m - 52 stones (quivered)
Armour
 a - a +0 robe (worn)
 k - a +0 ring mail
Scrolls
 b - a scroll of fear {unknown}
 d - 2 scrolls of identify
 f - a scroll of noise {unknown}
 h - a scroll of random uselessness {unknown}
 n - a scroll of remove curse {unknown}
Potions
 g - a potion of heal wounds
 i - a potion of flight
 j - 3 potions of curing
Comestibles
 c - 8 rations


   Skills:
 + Level 1.2 Fighting
 - Level 1.7 Dodging
 - Level 1.7 Stealth
 * Level 2.7 Spellcasting
 + Level 3.9 Conjurations


You had one spell level left.
You knew the following spells:

 Your Spells              Type           Power        Failure   Level  Hunger
a - Magic Dart            Conj           ###.         2%          1    None
b - Searing Ray           Conj           ###...       4%          2    ##.....
c - Dazzling Spray        Conj/Hex       ##....       19%         3    ###....

Your spell library contained the following spells:

 Spells                   Type           Power        Failure   Level  Hunger
 Summon Small Mammal      Summ           #...         14%         1    None
 Call Imp                 Summ           #.......     21%         2    ##.....
 Iskenderun's Mystic Bla  Conj           ###.....     26%         4    ####...
 Call Canine Familiar     Summ           #.......     38%         3    ###....
 Summon Guardian Golem    Hex/Summ       #.......     38%         3    ###....
 Force Lance              Conj/Tloc      ##......     52%         4    ####...
 Fulminant Prism          Conj/Hex       ##........   52%         4    ####...
 Summon Ice Beast         Ice/Summ       #.......     80%         4    ####...
 Summon Lightning Spire   Summ/Air       #.......     80%         4    ####...


Dungeon Overview and Level Annotations

Branches:
Dungeon (3/15)

Annotations:
D:3 Ijyb


Innate Abilities, Weirdness & Mutations

You have an increased reservoir of magic. (+10% MP)


Message History

You kill the goblin!
Ijyb zaps a wand.
You are blasted!
You feel much better.
Casting: Dazzling Spray (safe; 19% risk of failure)
Confirm with . or Enter, or press ? or * to list all spells.
Aiming: Searing Ray (safe; 4% risk of failure)
Press: ? - help, Shift-Dir - straight line, f/p - goblin
Aim: a goblin, wielding a +0 club The searing ray hits Ijyb.
Ijyb is lightly wounded. (Press . to maintain the ray.) Ijyb zaps a wand.
You are blasted!
Ijyb screams, "You nasty!
Big nasty!"
Ijyb zaps a wand.
You barely resist.
Ijyb screams, "Get away!"
Ijyb zaps a wand.
You are blasted!
Ijyb screams, "Me stronger than you!"
Ijyb zaps a wand.
You are blasted!
Ouch! That really hurt!
You die...

#.......####g############..#.
#8)....8##....##......#...>#.
#..)....##..gg##......#.####.
#8.....8##....##......#.# #.
#.......##....##......'.# #.
#8.....8##....##..<...### #.
#..?.)..##....##......# #.
#....##......######.
#..@.##......#......
#....##......#......
#....##......#......
###'#####'####......
#.......# #...... #########
#######


You could see Ijyb and a goblin.

Vanquished Creatures
  A worm (D:2)
  3 bats
  2 giant cockroaches
  9 goblins
  8 hobgoblins
  4 jackals (D:3)
  2 quokkas (D:2)
  A ball python (D:1)
  2 frilled lizards (D:2)
  6 kobolds
  6 rats
44 creatures vanquished.

Notes
Turn   | Place    | Note
-------+----------+-------------------------------------------
     0 | D:1      | Folque the Demigod Conjurer began the quest for the Orb.
     0 | D:1      | Reached XP level 1. HP: 14/14 MP: 5/5
   547 | D:1      | Reached XP level 2. HP: 22/22 MP: 7/7
   619 | D:1      | Learned a level 2 spell: Searing Ray
  1046 | D:2      | Found a deep blue altar of Sif Muna.
  1101 | D:2      | Reached skill level 1 in Fighting
  1112 | D:2      | HP: 1/23 [kobold/+0 whip (6)]
  1663 | D:2      | Reached XP level 3. HP: 27/28 MP: 9/9
  1671 | D:2      | Learned a level 3 spell: Dazzling Spray
  2050 | D:3      | Noticed Ijyb
  2089 | D:3      | Blown up by Ijyb

Skill      XL: |  1  2 |
---------------+-------+-----
Spellcasting   | 2 |  2.7
Fighting       | 1 |  1.2
Dodging        | |  1.7
Stealth        | |  1.7
Conjurations   | |  3.9

Action                   || total
-------------------------++-------
Melee: Dagger            ||    66
       Unarmed           ||     4
 Cast: Magic Dart        ||    13
       Searing Ray       ||     6
       Dazzling Spray    ||     3
  Use: Scroll            ||     3
       Potion            ||     3
 Stab: Sleeping          ||     3
  Eat: Chunk             ||     4
Armor: Robe              ||    12
Dodge: Dodged            ||    42
